 Dungeon Crawl Stone Soup version 0.27-a0-1193-g8631133539 (webtiles) character file.

Game seed: 16895552656204109217

39 wakim the Shield-Bearer (level 3, -1/26 HPs)
             Began as an Octopode Fighter on May 26, 2021.
             Slain by a phantom (10 damage)
             ... on level 2 of the Dungeon.
             The game lasted 00:03:38 (1658 turns).

wakim the Shield-Bearer (Octopode Fighter)          Turns: 1658, Time: 00:03:38

Health: -1/26      AC:  1    Str: 15    XL:     3   Next: 45%
Magic:  3/3        EV:  9    Int: 10    God:
Gold:   69         SH: 15    Dex: 12    Spells: 2/2 levels left

rFire    + . .     SeeInvis .     - Unarmed
rCold    . . .     Faith    .   c - +2 tower shield {rF+}
rNeg     . . .     Spirit   .   (helmet restricted)
rPois    .         Reflect  .   (no amulet)
rElec    .         Harm     .   (no ring)
rCorr    .         Rampage  .   (no ring)
Will     .....                  (no ring)
Stlth    ++........             (no ring)
HPRegen  0.08/turn              (no ring)
MPRegen  0.08/turn              (no ring)
                                (no ring)
                                (no ring)

@: no status effects
A: almost no armour, amphibious, 8 rings, camouflage 1, gelatinous body 1,
(nimble swimmer 1), tentacles
a: no special abilities


You were on level 2 of the Dungeon.
You visited 1 branch of the dungeon, and saw 2 of its levels.

You collected 69 gold pieces.

Inventory:

Armour
 c - a +2 tower shield of fire resistance (worn)
Potions
 b - a potion of curing {unknown}
 d - 2 potions of magic {unknown}
 e - a potion of degeneration {unknown}
 N - 2 potions of might


   Skills:
 + Level 3.2 Fighting
 + Level 3.3 Dodging
 * Level 3.4 Shields
 * Level 2.7 Unarmed Combat


You had 2 spell levels left.
You didn't know any spells.
Your spell library was empty.

Dungeon Overview and Level Annotations

Branches:
Dungeon (2/15)

Altars:

Shops:
D:2 =


Innate Abilities, Weirdness & Mutations

You cannot wear most types of armour.
You are amphibious.
You can wear up to eight rings at the same time.
Your skin changes colour to match your surroundings (Stealth+).
Your rubbery body absorbs attacks. (AC +1, EV +1)
((You are camouflaged near water. (Stealth+)))
You have tentacles for arms and can constrict up to eight enemies at once.


Message History

There is a stone staircase leading up here.
You see here 22 stones.
A phantom is nearby!
You tentacle-slap the phantom.
The phantom is lightly damaged.
You block the phantom's attack.
You barely miss the phantom.
You squeeze the phantom, but do no damage.
The phantom is lightly damaged.
You block the phantom's attack.
The phantom hits you but does no damage.
You barely miss the phantom. Your squeeze misses the phantom.
The phantom is lightly damaged.
The phantom hits you.
You tentacle-slap the phantom.
The phantom is lightly damaged.
You block the phantom's attack.
You barely miss the phantom. You squeeze the phantom!
The phantom is heavily damaged.
The phantom hits you! You block the phantom's attack.
You tentacle-slap the phantom.
You squeeze the phantom, but do no damage.
The phantom is heavily damaged.
The phantom hits you.
The phantom blinks!
You blink.
You barely miss the phantom.
You squeeze the phantom, but do no damage.
The phantom is heavily damaged.
The phantom hits you!
* * * LOW HITPOINT WARNING * * *
The phantom blinks!
You blink.
You block the phantom's attack.
You barely miss the phantom. Your squeeze misses the phantom.
The phantom is heavily damaged.
You block the phantom's attack.
You tentacle-slap the phantom. Your squeeze misses the phantom.
The phantom is heavily damaged.
You block the phantom's attack.
You tentacle-slap the phantom.
The phantom is severely damaged.
You block the phantom's attack. The phantom hits you!
You die...

#.##.##.##.# #.##.##†##.#
#.##.##.##.##
#>##.##.#...#########
#.##.##.#.#..........
#.#####.#<....#...#########
#.)........########
..........#.# ########
###.......@W#### #.......
#.####...:...# #.###### #.
#..#.##.# #.# . #..#.##§#
#.###### .
...#.##.#####.<.....
###.#.##.....(.######
#.#.########÷# # #.#.#
#<###### #. #######.##....


You could see a phantom.

Vanquished Creatures
  A gnoll (D:1)
  A dart slug (D:1)
  2 bats (D:1)
  2 endoplasms (D:1)
  A giant cockroach (D:1)
  A goblin (D:1)
  2 hobgoblins
  3 jackals (D:2)
  A quokka (D:1)
  2 ball pythons (D:1)
  6 frilled lizards (D:1)
  3 kobolds (D:1)
  2 rats (D:1)
27 creatures vanquished.

Notes
Turn   | Place    | Note
-------+----------+-------------------------------------------
     0 | D:1      | wakim the Octopode Fighter began the quest for the Orb.
     0 | D:1      | Reached XP level 1. HP: 16/16 MP: 1/1
   144 | D:1      | Found a faded altar of an unknown god.
   194 | D:1      | Reached XP level 2. HP: 21/21 MP: 2/2
   818 | D:1      | Reached XP level 3. HP: 17/26 MP: 3/3
  1187 | D:1      | Identified a scroll of acquirement
  1187 | D:1      | Acquired a +2 tower shield of fire resistance
  1371 | D:2      | Found Bemainor's Jewellery Shop.
  1421 | D:2      | Noticed a phantom
  1658 | D:2      | Slain by a phantom

Illustrated notes

Levels and vault maps discovered:
D:1:      dpeg_arrival_short_road, layout_basic,
          chequers_ecumenical_altar_island, minmay_lizard_pond
D:2:      layout_loops_ring, serial_shops, nicolae_shop_stone,
          kennysheep_cross_room, minmay_goblin_kobold_house

Action                   || total
-------------------------++-------
Melee: Unarmed           ||    80
       Constrict         ||    19
       Tentacles         ||    12
       Punch             ||     1
  Use: Scroll            ||     3
 Stab: Sleeping          ||     2
Armor: Skin              ||     6
Dodge: Dodged            ||    22
Block: Kite shield       ||    16
       Tower shield      ||    37

Table legend: (Time is in decaauts)
 A = Elapsed time spent in this place.
 B = Non-inter-level travel time spent in this place.
 C = Inter-level travel time spent in this place.
 D = Time resting spent in this place.
 E = Time spent auto-exploring this place.
 F = Levels seen in this place.
 G = Mean time per level.
                   A        B        C        D        E       F      G
               +--------+--------+--------+--------+--------+-----+--------+
         Total |   1681 |   1642 |     39 |    163 |   1208 |   2 |  840.5 |
       Dungeon |   1681 |   1642 |     39 |    163 |   1208 |   2 |  840.5 |
               +--------+--------+--------+--------+--------+-----+--------+

Top non-repeatable levels by time:
     D:1: 1398 daAuts
     D:2: 282 daAuts
